 Dungeon Sprint DCSS version 0.27-a0-216-g1fbed8a51c (webtiles) character file.

Game seed: 4870591248544894743

25 mhtbhm the Insei (level 3, -3/23 HPs)
             Began as an Octopode Transmuter on Jan 31, 2021.
             Slain by a wolf (5 damage)
             ... in the Dungeon (Sprint III: "The Ten Rune Challenge").
             The game lasted 00:00:38 (635 turns).

mhtbhm the Insei (Octopode Transmuter)               Turns: 635, Time: 00:00:38

Health: -3/23      AC:  1    Str: 10    XL:     3   Next: 4%
Magic:  0/7        EV: 14    Int: 15    God:
Gold:   0          SH:  0    Dex: 12    Spells: 1/7 levels left

rFire    . . .     SeeInvis .     - Unarmed
rCold    . . .     Faith    .   (no shield)
rNeg     . . .     Spirit   .   (helmet currently unavailable)
rPois    .         Reflect  .   (no amulet)
rElec    .         Harm     .   (no ring)
rCorr    .         Rampage  .   (no ring)
Will     .....     NoTele   +   (no ring)
Stlth    +++.......             (no ring)
HPRegen  0.07/turn              (no ring)
MPRegen  0.10/turn              (no ring)
                                (no ring)
                                (no ring)

@: appendages, very slightly contaminated
A: almost no armour, stealthy swim, amphibious, 8 rings, constrict 8, tentacle
spike 3, camouflage 1, gelatinous body 1
a: End Transformation


You were in the Dungeon.
One of your tentacles had a temporary spike.
You visited 1 branch

Inventory:

Scrolls
 g - a scroll of blinking
Potions
 a - a potion of might {unknown}
 c - a potion of heal wounds
 d - a potion of haste
 e - 2 potions of magic
 f - a potion of berserk rage


   Skills:
 + Level 1.1 Fighting
 + Level 2.7 Dodging
 + Level 1.5 Stealth
 + Level 5.0 Unarmed Combat
 + Level 2.7 Spellcasting
 + Level 3.0 Transmutations


You had one spell level left.
You knew the following spells:

 Your Spells              Type           Power        Failure   Level
a - Beastly Appendage     Tmut           22%          6%          1
b - Wereblood             Tmut           11%          9%          2
c - Spider Form           Tmut/Pois      3%           32%         3

Your spell library contained the following spells:

 Spells                   Type           Power        Failure   Level
 Ice Form                 Ice/Tmut       6%           73%         4
 Blade Hands              Tmut           5%           86%         5


Dungeon Overview and Level Annotations

Branches:
Dungeon (1/1)

Altars:


Innate Abilities, Weirdness & Mutations

You cannot wear most types of armour.
You are very stealthy in the water. (Stealth+)
You are amphibious.
You can wear up to eight rings at the same time.
You can use your tentacles to constrict eight enemies at once.
Your skin changes colour to match your surroundings (Stealth+).
Your rubbery body absorbs attacks. (AC +1, EV +1)
One of your tentacles bears a large vicious spike.


Message History

Confirm with . or Enter, or press ? or * to list all spells.
One of your tentacles grows a vicious spike.
The wolf closely misses you. The wolf bites you.
You tentacle-slap the wolf. Your grab misses the wolf.
You pierce the wolf, but do no damage.
Your tentacle-slap misses the wolf.
The wolf is heavily wounded.
The wolf closely misses you.
You closely miss the wolf. Your grab misses the wolf.
The wolf is heavily wounded.
The wolf closely misses you. The wolf bites you.
You closely miss the wolf. You grab the wolf.
You squeeze the wolf, but do no damage.
The wolf is heavily wounded.
You constrict the wolf. The wolf closely misses you.
You tentacle-slap the wolf.
The wolf is severely wounded.
You constrict the wolf. The wolf bites you!
* * * LOW HITPOINT WARNING * * *
The wolf bites you.
You die...

▓▓▓▓ ▓▓▓▓▓▓▓ ▓<.#
+.....♣♣ ▓..#
#....♣.♣
▓#'####......♣
▓.....#....≈.♣♣
▓.÷...#...≈≈♣...♣
▓....(#h.≈≈≈≈♣....
▓####'#@.≈≈≈≈≈≈♣..
▓...†.#.≈≈≈≈≈≈....
▓.....#.≈≈≈≈≈.....
▓.....#.≈≈≈.......
▓'#####...........
▓.................
▓▓▓▓▓▓▓▓▓▓▓▓▓▓▓▓▓▓


You could see a wolf.

Vanquished Creatures
  A human (D)
  An ooze (D)
  3 rats (D)
5 creatures vanquished.

Notes
Turn   | Place    | Note
-------+----------+-------------------------------------------
     0 | D        | mhtbhm the Octopode Transmuter began the quest for the Orb.
     0 | D        | Reached XP level 1. HP: 13/13 MP: 3/3
   266 | D        | Reached skill level 4 in Unarmed Combat
   266 | D        | Reached XP level 2. HP: 14/18 MP: 3/5
   324 | D        | Learned a level 2 spell: Wereblood
   346 | D        | Reached skill level 1 in Stealth
   346 | D        | Reached skill level 5 in Unarmed Combat
   346 | D        | Reached XP level 3. HP: 10/23 MP: 2/7
   519 | D        | Learned a level 3 spell: Spider Form
   635 | D        | Slain by a wolf

Illustrated notes

Levels and vault maps discovered:
D:        dungeon_sprint_mu [sprint_mu_entry_forest, sprint_mu_temple_rooms,
          sprint_mu_d1_spiders, sprint_mu_d2_genie, sprint_mu_d3_branching,
          sprint_mu_orc_legion, sprint_mu_elf_gauntlet, sprint_mu_hive_nellie,
          sprint_mu_lair_fedhas, sprint_mu_vaults_butterflies,
          sprint_mu_slime_circle, sprint_mu_swamp_cave, sprint_mu_shoals_archi,
          sprint_mu_blade_basic, sprint_mu_crypt_chambers,
          sprint_mu_tomb_spiral, sprint_mu_vestibule_basic,
          sprint_mu_gehenna_hellfire, sprint_mu_dis_giant,
          sprint_mu_tartarus_statrot, sprint_mu_cocytus_islands, sprint_mu_zot1]

Skill      XL: |  1  2 |
---------------+-------+-----
Unarmed Combat | 4 5 |  5.0
Stealth        | 1 |  1.5
Transmutations | 3 |  3.0
Fighting       | |  1.1
Dodging        | |  2.7
Spellcasting   | |  2.7

Action                   || total
-------------------------++-------
Melee: Unarmed           ||    19
       Kick              ||     7
       Constrict         ||     3
       Tentacles         ||     3
 Cast: Beastly Appendage ||     4
       Wereblood         ||     1
  Use: Potion            ||     1
 Stab: Sleeping          ||     2
Dodge: Dodged            ||    12

Table legend: (Time is in decaauts)
 A = Elapsed time spent in this place.
 B = Non-inter-level travel time spent in this place.
 C = Inter-level travel time spent in this place.
 D = Time resting spent in this place.
 E = Time spent auto-exploring this place.
 F = Levels seen in this place.
 G = Mean time per level.
                   A        B        C        D        E       F      G
               +--------+--------+--------+--------+--------+-----+--------+
         Total |    633 |    633 |      0 |    563 |      1 |   1 |  633.0 |
       Dungeon |    633 |    633 |      0 |    563 |      1 |   1 |  633.0 |
               +--------+--------+--------+--------+--------+-----+--------+

Top non-repeatable levels by time:
       D: 633 daAuts
